 Dungeon Crawl Stone Soup version 0.20-a0-864-g92acfd1 (webtiles) character file.

455 polly the Ruffian (level 6, -5/46 HPs)
             Began as a Demonspawn Gladiator on Mar 12, 2017.
             Slain by an orc warrior
             ... wielding a +0 battleaxe
              (11 damage)
             ... on level 5 of the Dungeon.
             The game lasted 00:03:17 (4090 turns).

polly the Ruffian (Demonspawn Gladiator)            Turns: 4090, Time: 00:03:18

Health: -5/46      AC:  9    Str: 16    XL:     6   Next: 76%
Magic:  6/6        EV: 11    Int: 10    God:
Gold:   316        SH:  0    Dex: 14    Spells: 5/5 levels left

rFire    . . .     SeeInvis .     - Unarmed
rCold    . . .     Gourm    .   A - +0 chain mail
rNeg     . . .     Faith    .   (no shield)
rPois    .         Spirit   .   c - +0 helmet
rElec    .         Reflect  .   (no cloak)
rCorr    +         Harm     .   (no gloves)
MR       .....                  (no boots)
Stlth    ..........             (no amulet)
Regen    0.2/turn               (no ring)
MPRegen  0.1/turn               e - ring of resist corrosion

@: no status effects
A: claws 1, repulsion field 2, demonic guardian 1
a: no special abilities


You were on level 5 of the Dungeon.
You were hungry.

You visited 1 branch of the dungeon, and saw 5 of its levels.

You collected 316 gold pieces.

Inventory:

Missiles
 d - 2 throwing nets (quivered)
Armour
 c - a +0 helmet (worn)
 A - a +0 chain mail (worn)
Jewellery
 e - a ring of resist corrosion (left claw)
Wands
 w - a wand of polymorph (14/24)
 x - a wand of lightning (1/15)
Scrolls
 g - 3 scrolls of enchant armour {unknown}
 h - 5 scrolls of identify {unknown}
 i - 3 scrolls of enchant weapon {unknown}
 l - a scroll of teleportation {unknown}
 p - 3 scrolls of immolation {unknown}
 q - 2 scrolls of recharging {unknown}
 s - 2 scrolls of remove curse {unknown}
 v - a scroll of noise {unknown}
 y - 2 scrolls of blinking {unknown}
 C - a scroll of magic mapping {unknown}
Potions
 a - 2 potions of might {unknown}
 k - 3 potions of curing {unknown}
 m - a potion of magic {unknown}
 n - a potion of brilliance {unknown}
 o - 2 potions of lignification {unknown}
 u - a potion of invisibility {unknown}
 z - a potion of heal wounds {unknown}
Comestibles
 f - 2 bread rations
 j - 3 fruits
 r - 2 meat rations
 t - 3 royal jellies


   Skills:
 + Level 2.5 Fighting
   Level 3.1 Long Blades
 + Level 1.9 Throwing
 + Level 2.0 Armour
 + Level 3.6 Dodging
 + Level 1.8 Stealth
 + Level 4.3 Unarmed Combat


You had 5 spell levels left.
You didn't know any spells.

Dungeon Overview and Level Annotations

Branches:
Dungeon (5/15)
 Temple: D:4-7

Altars:
Fedhas
Hepliaklqana
Trog
The Shining One


Innate Abilities, Weirdness & Mutations

You have sharp fingernails.
You are surrounded by a moderate repulsion field. (EV +3)
A weak demonic guardian rushes to your aid.


Message History

The orc priest is severely wounded.
Your white imp hits the orc priest but does no damage.
The orc priest casts a cantrip, but nothing happens.
You scratch the orc priest.
The orc priest is severely wounded.
Your white imp hits the orc priest.
The orc priest dies!
Your Armour skill increases to level 2!
The orc warrior barely misses you.
The orc warrior hits your white imp with a battleaxe!
Your white imp dies!
The orc warrior hits you with a battleaxe!
* * * LOW HITPOINT WARNING * * *
An orc comes into view.
Things that are here:
a dagger; a ring mail; an orc corpse You scratch the orc warrior but do no damage.
You closely miss the orc warrior.
The orc warrior hits you with a battleaxe!
You die...

#.. =.. #.# ..#
#.#
###.#######.####
..(...........##
#.#######.##).#
#....# #.###.##
###o...# #.#
#..###
#.o@...####.#
#....#
#.#5........#
#..#.# #
#.###########..#.#
#.# ...........#.#
#.# .#########.#.#
#.# .........#.#
#.# +#######...#
#.. #...# #...#


You could see an orc warrior, an orc and a friendly ufetubus.

Vanquished Creatures
  A phantom (D:4)
  A howler monkey (D:4)
  A centaur skeleton (D:4)
  2 worker ants
  A worker ant zombie (D:5)
  4 adders
  2 oozes
  An adder skeleton (D:4)
  3 worms
  4 leopard geckos
  5 orcs (D:4)
  2 ball pythons
  3 giant cockroaches
  7 goblins
  8 hobgoblins
  13 jackals
  5 kobolds
  5 bats
  3 frilled lizards (D:3)
  A quokka skeleton (D:4)
  9 rats
81 creatures vanquished.

Vanquished Creatures (collateral kills)
  An ice beast (D:5)
  An orc priest (D:5)
2 creatures vanquished.

Grand Total: 83 creatures vanquished

Notes
Turn   | Place    | Note
-------+----------+-------------------------------------------
     0 | D:1      | polly the Demonspawn Gladiator began the quest for the Orb.
     0 | D:1      | Reached XP level 1. HP: 16/16 MP: 1/1
   180 | D:1      | Gained mutation: You are surrounded by a mild repulsion field. (EV +2) [demonic ancestry]
   180 | D:1      | Reached XP level 2. HP: 22/22 MP: 2/2
   756 | D:2      | Gained mutation: You have sharp fingernails. [demonic ancestry]
   756 | D:2      | Reached XP level 3. HP: 24/27 MP: 3/3
  1194 | D:2      | Found a blossoming altar of Fedhas.
  1195 | D:2      | Found a hazy altar of Hepliaklqana.
  1196 | D:2      | Found a glowing golden altar of the Shining One.
  1208 | D:2      | Reached skill level 1 in Unarmed Combat
  1472 | D:2      | Gained mutation: You are surrounded by a moderate repulsion field. (EV +3) [demonic ancestry]
  1472 | D:2      | Reached XP level 4. HP: 25/33 MP: 4/4
  1955 | D:3      | Reached skill level 1 in Stealth
  2073 | D:3      | Reached skill level 1 in Armour
  2248 | D:3      | Reached skill level 2 in Unarmed Combat
  2735 | D:4      | Reached XP level 5. HP: 39/39 MP: 5/5
  2821 | D:4      | Found a bloodstained altar of Trog.
  3423 | D:4      | Noticed a phantom
  3444 | D:4      | Reached skill level 3 in Unarmed Combat
  3473 | D:4      | Killed a phantom
  3473 | D:4      | Gained mutation: A weak demonic guardian rushes to your aid. [demonic ancestry]
  3473 | D:4      | Reached XP level 6. HP: 10/46 MP: 6/6
  3795 | D:5      | Entered Level 5 of the Dungeon
  3887 | D:5      | Noticed an ice beast
  3908 | D:5      | Killed an ice beast
  3908 | D:5      | Reached skill level 4 in Unarmed Combat
  4083 | D:5      | Noticed an orc warrior
  4090 | D:5      | Slain by an orc warrior

Vault maps used:
D:1:      dpeg_arrival_lava_temple_mockup
D:2:      grunt_temple_overflow_open, first_bread
D:3:      kennysheep_generic_room_4
D:4:      lemuel_crystal_altar, amethyst_killhole
D:5:      minmay_misc_feat_enclosed, uniq_crazy_yiuf_cottage, uniq_pikel

Skill      XL: |  1  2  3  4  5  6 |
---------------+-------------------+-----
Dodging        | 3 |  3.6
Long Blades    | 3 |  3.1
Unarmed Combat | 1 2 3 4 |  4.3
Stealth        | 1 |  1.8
Armour         | 1 2 |  2.0
Fighting       | |  2.5
Throwing       | |  1.9

Action                   |  1- 3 |  4- 6 || total
-------------------------+-------+-------++-------
Melee: Long sword        |    45 |       ||    45
       Unarmed           |   122 |   228 ||   350
       Punch             |     1 |     2 ||     3
Throw: Throwing net      |       |     1 ||     1
 Stab: Sleeping          |     3 |     6 ||     9
       Held in net/web   |       |     1 ||     1
  Eat: Chunk             |     2 |     8 ||    10
Armor: Leather armour    |    45 |    21 ||    66
       Chain mail        |       |    12 ||    12
Dodge: Dodged            |   160 |   150 ||   310
       Rpst.: Long sword |    16 |       ||    16
